[Event "4NCL 2022-2023"]
[Site "Daventry"]
[Date "2023.01.15"]
[Round "4.17"]
[White "Royal, Shreyas"]
[Black "Grieve, Harry"]
[Result "0-1"]
[ECO "D35"]
[WhiteElo "2456"]
[BlackElo "2438"]
[Annotator "TA"]
[PlyCount "86"]
[EventDate "2022.10.20"]
[EventType "team-tourn"]
[EventCountry "ENG"]
[SourceTitle "playchess.com"]
[Source "ChessBase"]
[SourceQuality "1"]
[TimeControl "40/6000+30:2400+30"]

1. d4 d5 2. c4 e6 3. Nf3 Nf6 4. cxd5 exd5 5. Nc3 c6 6. Bf4 Bd6 7. Bxd6 Qxd6 8. e3 Bf5 9. Nh4 {[%emt 0:01:18] D35: Queen's Gambit Declined: Exchange Variation.} Be6 10. Bd3 {[%emt 0:00:57] [#]} O-O $146 ({Predecessor:} 10... Nbd7 11. h3 Nb6 12. O-O O-O 13. Nf3 Qe7 14. Qc2 g6 15. Rae1 Nc8 16. Ng5 Nd6 17. Nxe6 fxe6 {½-½ Carlsen,M (2861)-Navara,D (2681) Julius Baer GenCup Prelim rapid 2022 (5)}) 11. h3 {[%emt 0:01:21] The position is equal.} Re8 12. Qc2 Nbd7 13. O-O-O ({Better is} 13. Nf3 $14) 13... c5 $11 {[%emt 0:07:10] Threatens to win with ...cxd4.} 14. Nf5 Bxf5 15. Bxf5 c4 16. g4 $1 Nf8 17. g5 N6d7 18. Bg4 Rab8 (18... Rad8 $14) 19. Bf3 b5 20. Nxd5 b4 21. b3 (21. Qxc4 $2 Rec8 $19) 21... c3 22. e4 Ne6 23. Rhg1 (23. e5 {seems wilder.} Qa6 24. h4 Qa5 25. Ne3) 23... Ndf8 24. e5 Qd8 25. h4 (25. Rg4 $14) 25... a5 $2 (25... Rb5 $1 $11 {and Black is okay.} 26. Nf6+ (26. Qe4 $2 Qa5 $19) 26... gxf6) 26. Be4 (26. Rg4 $1 $18 {has better winning chances.}) 26... Rb5 $16 {[%emt 0:08:24] [#]} 27. Nf6+ gxf6 28. gxf6+ Kh8 $1 {[%emt 0:00:34] [#]} 29. Bc6 (29. Qe2 $1 $16 Rd5 30. Qg4) 29... Rd5 $11 30. Rg4 (30. f4 $1 $11 Nxf4 31. Qe4) 30... Nxd4 $19 (30... Rxd4 $2 31. Rgxd4 (31. Bxe8 Rxd1+ 32. Qxd1 Qxe8 $17) 31... Nxd4 32. Bxe8 $18) 31. Bxd5 Nxc2 {[%emt 0:03:34] Excellent horsemanship.} 32. Bxf7 Nd7 $1 {[%emt 0:01:56] ...Na3 is the strong threat.} 33. Kxc2 {[%emt 0:00:08] [#]} (33. Rg7 Nxe5 34. Rxd8 (34. Kxc2 Qxf6 35. Rg2 Qf5+ 36. Kc1 Nd3+ 37. Kb1 Nf4+ 38. Ka1 c2) 34... Rxd8 35. Kxc2) 33... Nxe5 34. Rxd8 Rxd8 {[%emt 0:00:01][%mdl 4096] Endgame KRB-KRN} 35. Rg7 Rd2+ 36. Kb1 Rd1+ (36... Rxf2 $2 37. Rg8#) 37. Kc2 Rd2+ 38. Kb1 h5 {[%emt 0:02:45] ...Rb2+ would be deadly.} (38... Rxf2 $2 39. Rg8#) 39. f4 $2 (39. Bxh5 $2 {perishes.} Nd3 40. Ka1 (40. Rc7 $2 Rb2+ 41. Ka1 c2 $19) 40... c2 $19) (39. Bg6 Rb2+ 40. Kc1 Rxf2 41. Rh7+ Kg8 42. f7+ Nxf7 43. Rxh5) 39... Rd1+ 40. Kc2 Rd2+ 41. Kb1 Rb2+ 42. Ka1 {[%emt 0:00:00] [#]} Rf2 $1 {[%emt 0:00:21][%cal Rf2f1][%mdl 64] Double Attack} 43. Kb1 (43. Bc4 Nxc4) 43... c2+ {[%emt 0:00:16] A fantastic game!   Weighted Error Value: White=0.75/Black=0.64} 0-1

[Event "4NCL 2022-2023"]
[Site "Daventry"]
[Date "2023.01.15"]
[Round "4.18"]
[White "Makkar, Rajat"]
[Black "Fernandez, Daniel Howard"]
[Result "0-1"]
[ECO "E11"]
[WhiteElo "2425"]
[BlackElo "2481"]
[Annotator "TA"]
[PlyCount "58"]
[EventDate "2022.10.20"]
[EventType "team-tourn"]
[EventCountry "ENG"]
[SourceTitle "playchess.com"]
[Source "ChessBase"]
[SourceQuality "1"]
[TimeControl "40/6000+30:2400+30"]

1. d4 Nf6 2. c4 e6 3. Nf3 Bb4+ 4. Bd2 a5 5. e3 b6 6. Bd3 {[%emt 0:00:40] E11: Bogo-Indian.} Bb7 7. O-O Ne4 8. a3 {[%emt 0:06:46] White is slightly better.} Be7 {[%emt 0:07:10] [#]} 9. Be1 $146 ({Predecessor:} 9. Bc1 O-O 10. Nbd2 f5 11. Qc2 d5 12. cxd5 exd5 13. Ne5 c5 14. b3 Nd7 15. Ndf3 {0-1 Bartczak,H (1645)-Wilczynski,A (1654) Warsaw YMCA Spring-D 104th 2012 (6)}) 9... O-O 10. Nc3 f5 11. Qc2 Nxc3 12. Bxc3 Bxf3 13. gxf3 c5 14. d5 Bf6 15. f4 Na6 16. Rad1 {[%emt 0:03:00] aiming for dxe6.} Bxc3 17. Qxc3 Qh4 {[%emt 0:09:59] And now ...Qg4+ would win.} 18. f3 {[%emt 0:05:47] Against Qg4+} Rf6 (18... exd5 $11 {remains equal.} 19. cxd5 d6) 19. Qb3 (19. dxe6 $16 dxe6 20. Bc2) 19... g5 (19... Kh8 $14) 20. fxg5 (20. dxe6 $16 {Black must now prevent Kh1.} gxf4 21. Kh1 dxe6 22. Rg1+ Kh8 23. Bc2) 20... Qxg5+ $11 21. Kh1 ({Better is} 21. Kf2 $1 $14 Rg6 22. Ke2) 21... Rg6 ({Don't do} 21... Qxe3 22. Qxb6 Rh6 23. Qxa5 $16) 22. Rd2 {[%emt 0:06:30] Dodges Qg2+} Qxe3 23. Re2 Qd4 24. dxe6 dxe6 25. Bc2 {[%emt 0:01:35] [#] White is weak on the dark squares} (25. Rd1 $1 $15 Qf4 26. Bc2) 25... Kh8 $40 {[%emt 0:05:37][%mdl 128] Black is up to no good. Black is more active.} (25... Kf7 $1 $17 {Threatens to win with ...Rag8.} 26. Rd1 (26. Qxb6 $2 {perishes.} Rag8 $19) 26... Rag8) 26. Qxb6 $2 {[%emt 0:04:56][%mdl 8192] [#] Now White is beyond hope.} (26. Rd1 $15 Rag8 27. Qe3 Qxe3 28. Rxe3) 26... Rag8 $1 {[%emt 0:00:38] Black mates.} 27. Ree1 (27. Re3 Qd2) 27... Qd2 28. Rg1 {[%emt 0:00:09] [#]} Qxh2+ $3 {[%emt 0:00:11][%mdl 576] Decoy} 29. Kxh2 Rh6# {[%emt 0:00:38] Ingenious play by Fernandez!   Weighted Error Value: White=0.54/Black=0.18 (very precise)} 0-1

[Event "4NCL 2022-2023"]
[Site "Daventry"]
[Date "2023.01.15"]
[Round "4.19"]
[White "Derakhshani, Borna"]
[Black "Roberson, Peter T"]
[Result "0-1"]
[ECO "A12"]
[WhiteElo "2400"]
[BlackElo "2419"]
[Annotator "TA"]
[PlyCount "132"]
[EventDate "2022.10.20"]
[EventType "team-tourn"]
[EventCountry "ENG"]
[SourceTitle "playchess.com"]
[Source "ChessBase"]
[SourceQuality "1"]
[TimeControl "40/6000+30:2400+30"]

1. Nf3 d5 2. b3 Bf5 3. Nh4 Bc8 4. Nf3 Bf5 5. Bb2 e6 6. g3 h6 7. Bg2 Nf6 8. O-O Be7 9. c4 c6 10. d3 O-O 11. Nbd2 Nbd7 12. a3 a5 13. Ra2 {[%emt 0:00:27] 13.Ne5 is the modern continuation.} Bh7 14. Qa1 {[%emt 0:00:47] A12: English Opening: 1...c6 with b3 by White.} b5 15. Ne5 Nxe5 16. Bxe5 {[%emt 0:00:03] White has an edge.} Qb6 17. cxb5 cxb5 18. Bd4 Qa6 19. Rc1 Rfc8 20. a4 b4 21. Rac2 Ne8 22. Nf3 Rxc2 23. Rxc2 Rc8 24. Qc1 Rxc2 25. Qxc2 f6 {[%emt 0:00:40] [#] Against Ne5} 26. Bh3 $146 ({Predecessor:} 26. Nd2 Bg6 27. f4 Qb7 28. Nf3 Bd8 29. Qc1 Qc7 30. Qxc7 Bxc7 31. Kf2 Kf8 32. Ke3 Ke7 33. Bc5+ Kd7 34. Nd4 e5 35. fxe5 fxe5 36. Bh3+ {1-0 Spitzl,B (2158)-Gradl,W (2012) Landesliga Nord 0506 2005 (9.5)}) 26... Kf7 27. Be3 {[%emt 0:04:43] Nd4 is the strong threat.} e5 {[%emt 0:08:09] Prevents Nd4.} 28. Bd7 d4 29. Bb5 Qb6 30. Bc1 (30. Qc8 Nd6 31. Bc4+ Nxc4 32. Qxc4+ Qe6 33. Qxe6+ Kxe6 $17) 30... Nd6 31. Bc6 Bf5 (31... Kf8 $5 ) 32. Bd5+ Be6 33. Bxe6+ Kxe6 34. Nd2 f5 35. Bb2 Bg5 36. Nc4 Qc5 37. Qd1 (37. h4 $5 Bf6 38. h5 $15) 37... Nxc4 38. dxc4 $15 {[%emt 0:00:01][%mdl 4096] Endgame KQB-KQB} Bf6 39. Qd2 e4 40. Kf1 g5 41. Ke1 (41. Qc1 $11) 41... Be5 42. Qc2 (42. Kf1 $15) 42... h5 (42... d3 $19 43. exd3 exd3) 43. Bc1 Bf6 {[%emt 0:02:19] aiming for ...Qc6. Black is more active.} (43... Kf6 $5 ) 44. Qd1 g4 ({Black should try} 44... Qe5 $15) 45. Qd2 $1 $11 {[%emt 0:00:00] Qh6 would be deadly.} e3 46. fxe3 Bg5 47. Qd3 dxe3 48. Bb2 h4 49. Qd4 Qxd4 50. Bxd4 {[%emt 0:00:00] KB-KB} h3 {[%emt 0:05:02] And now ...f4 would win.} 51. Bb6 $2 (51. Kf1 $11) 51... f4 $19 {[%emt 0:00:02][%cal Bf5f4,Bf4f3,Bf3e2][%mdl 32] ( -> ...fxg3)} 52. Kf1 f3 $1 ({Weaker is} 52... fxg3 53. hxg3 Kd7 54. Kg1 $11 (54. Bxa5 Be7 $11)) 53. Bxa5 {[%emt 0:00:00] [#]} fxe2+ $1 54. Kxe2 {[%emt 0:00:00] [#]} Bf4 $1 {[%emt 0:00:17][%cal Of4g3][%mdl 576] Threatens to win with ...Bxg3! Promotion} 55. Bxb4 {[%emt 0:04:03] [#]} (55. Bb6 Bxg3) 55... Bxg3 $1 {[%emt 0:00:02][%mdl 576] Promotion} 56. Bc5 (56. Kxe3 Bh4) 56... Bf4 {[%emt 0:01:35] Black mates.} 57. Kf1 g3 ({Stronger than} 57... Bxh2 58. Bxe3 Kf5 59. a5 $11) 58. hxg3 e2+ $1 {[%emt 0:00:16][%mdl 64] Promotion} 59. Kxe2 h2 (59... Bxg3 60. Kf3 Be1 61. b4 $18) 60. gxf4 h1=Q (60... h1=R $2 61. a5 Rh3 62. b4 $18) 61. Kd2 Kf5 62. a5 Qa1 63. Bb6 Qb2+ 64. Kd3 Ke6 65. f5+ Kxf5 66. Bc7 Ke6 {[%emt 0:00:21] Weighted Error Value: White=0.50/Black=0.09 (flawless)} 0-1

[Event "4NCL 2022-2023"]
[Site "Daventry"]
[Date "2023.01.15"]
[Round "4.20"]
[White "Moreby, James"]
[Black "O'Donnell, Conor"]
[Result "1/2-1/2"]
[ECO "D02"]
[WhiteElo "2347"]
[BlackElo "2323"]
[Annotator "TA"]
[PlyCount "37"]
[EventDate "2022.10.20"]
[EventType "team-tourn"]
[EventCountry "ENG"]
[SourceTitle "playchess.com"]
[Source "ChessBase"]
[SourceQuality "1"]
[TimeControl "40/6000+30:2400+30"]

1. Nf3 d5 2. d4 Nf6 3. Bf4 c5 4. e3 Nc6 5. Nbd2 Bg4 6. c3 e6 7. Qa4 {[%emt 0:12:21] D02: 1 d4 d5 2 Nf3 sidelines, including 2...Nf6 3 g3 and 2...Nf6 3 Bf4.} Bxf3 8. Nxf3 Qb6 9. Rb1 Be7 10. Bd3 O-O {[%emt 0:01:56] [#]} 11. Qd1 $146 ({Predecessor:} 11. O-O Rfd8 12. Ne5 Rac8 13. h3 c4 14. Be2 Ne4 15. Qc2 f6 16. Nxc6 Qxc6 17. f3 {0-1 Pucelj,J-Mihalj,M JUG-ch M corr 1989}) 11... Rfc8 12. h4 Qd8 13. Ne5 c4 14. Bc2 b5 15. g4 {[%emt 0:04:22] Black should prevent g5.} Nxe5 16. Bxe5 Bd6 17. Bxd6 (17. f4 $14) 17... Qxd6 $11 18. g5 Nd7 ({Don't take} 18... Ne4 19. Bxe4 dxe4 20. Qg4 $14) 19. f4 {[%emt 0:08:31] An uneventful encounter.   Weighted Error Value: White=0.13 (very precise) /Black=0.10 (very precise)} 1/2-1/2

[Event "4NCL 2022-2023"]
[Site "Daventry"]
[Date "2023.01.15"]
[Round "4.21"]
[White "Willow, Jonah B"]
[Black "Rendle, Thomas E"]
[Result "1-0"]
[ECO "C15"]
[WhiteElo "2431"]
[BlackElo "2388"]
[Annotator "TA"]
[PlyCount "65"]
[EventDate "2022.10.20"]
[EventType "team-tourn"]
[EventCountry "ENG"]
[SourceTitle "playchess.com"]
[Source "ChessBase"]
[SourceQuality "1"]
[TimeControl "40/6000+30:2400+30"]

1. e4 e6 2. d4 d5 3. Nc3 Bb4 4. Nge2 dxe4 5. a3 Bxc3+ 6. Nxc3 Nc6 7. Bb5 Nge7 8. Be3 O-O 9. Qd2 {[%emt 0:00:35] 9.Nxe4 injects fresh life into this line.} f5 10. O-O-O Qd6 {[%emt 0:03:13] [#] ...f4 is the strong threat. C15: French: 3 Nc3 Bb4: Unusual White 4th moves.} 11. Bxc6 $146 (11. Bf4 $11 Qd7 12. h4) ({Predecessor:} 11. Bf4 e5 12. dxe5 Qxd2+ 13. Rxd2 Be6 14. h4 a6 15. Bxc6 Nxc6 16. Ne2 Rad8 17. Rhd1 Rxd2 18. Rxd2 {½-½ Sorensen,H (2400)-Jogstad,M (2334) SWE-chB Helsingborg 2021 (4)}) 11... Qxc6 $15 12. h4 Nd5 {[%emt 0:03:08] Black is slightly better.} 13. Nxd5 Qxd5 14. Bf4 {[%emt 0:03:49] [#]} e5 15. Bxe5 $11 f4 16. b3 Bg4 (16... a5 $14) 17. Rde1 $16 Rad8 18. c4 {[%emt 0:04:50][%mdl 64] Deflection} Qd7 19. Rxe4 (19. Bxf4 $6 Rxf4 20. Qxf4 Qxd4 $11) 19... b5 20. c5 {[%emt 0:14:15][%cal Of2f3] White is more active. Black is weak on the dark squares} (20. Bxf4 $6 bxc4 21. b4 (21. bxc4 $2 Bf5 $19) 21... Bh5 $11) 20... Be6 (20... Qd5 $14 21. Rxf4 Bh5) 21. Rxf4 (21. Bxc7 $1 $16 Bf5 22. Bxd8 (22. Rxf4 Qxc7 23. Re1 Qc6 $15) 22... Bxe4 23. Re1 Bxg2 24. Ba5) 21... a5 22. Rf3 (22. Qxa5 $2 Rxf4 23. Qxc7 (23. Bxf4 $2 Qxd4 $19) 23... Rxd4 24. Qxd7 R4xd7 $19) ({White should play} 22. Rxf8+ $16 Rxf8 23. Re1 (23. Qxa5 Qd5 $16)) 22... a4 (22... Rxf3 $14 23. gxf3 Qd5) 23. Rg3 $18 Rf7 {[%emt 0:00:17] [#]} 24. Qh6 (24. b4 $1 $16) 24... Bf5 25. h5 ({Better is} 25. Qe3 $16) 25... axb3 $11 26. Rh4 b4 27. a4 $36 {[%emt 0:01:02][%mdl 2048] Rf4 would be deadly. White has the initiative. Really sharp!} (27. axb4 Re8 28. c6 Qe7 $15) 27... Qe7 {[%emt 0:02:54] Strongly threatening ...Rxd4.} 28. Rf4 {[%emt 0:01:32] [#]} (28. Qg5 $11 {and White is okay.} Ra8 29. Qxe7 Rxe7 30. Rg5 (30. Rxb3 Rxa4 31. Rf4 Be6 $11)) 28... Rxd4 $3 $19 {[%emt 0:00:52][%mdl 576] Remove Defender} 29. Rxd4 {[%emt 0:01:15][%cal Od4d8] White wants to mate with Rd8+!} ({Avoid the trap} 29. Rxg7+ $2 Rxg7 30. Qxg7+ Qxg7 $19) 29... Qxc5+ ({Worse is} 29... Qxe5 30. Qe3 Qxc5+ 31. Kd1 Qc2+ 32. Ke1 Qc3+ 33. Qxc3 bxc3 34. Rxc3 (34. Rd8+ $2 Rf8 $19)) 30. Kd2 Qc2+ $4 (30... Qxe5 $19 31. Qe3 Qxe3+ 32. Rxe3 b2 33. Rxb4 b1=Q 34. Rxb1 Bxb1) 31. Ke1 $18 {[%emt 0:00:14] Threatening mate with Rd8+. White is clearly winning.} Qb1+ 32. Rd1 Qe4+ 33. Qe3 {[%emt 0:00:01] Weighted Error Value: White=0.35/Black=0.49} 1-0

[Event "4NCL 2022-2023"]
[Site "Daventry"]
[Date "2023.01.15"]
[Round "4.22"]
[White "Dong, Bao Nghia"]
[Black "Yao, Lan"]
[Result "1/2-1/2"]
[ECO "E18"]
[WhiteElo "2359"]
[BlackElo "2271"]
[Annotator "TA"]
[PlyCount "145"]
[EventDate "2022.10.20"]
[EventType "team-tourn"]
[EventCountry "ENG"]
[SourceTitle "playchess.com"]
[Source "ChessBase"]
[SourceQuality "1"]
[TimeControl "40/6000+30:2400+30"]

1. Nf3 Nf6 2. d4 e6 3. c4 b6 4. g3 Bb7 5. Bg2 Be7 6. O-O O-O 7. Nc3 Ne4 8. Nxe4 Bxe4 9. Ne1 Bxg2 10. Nxg2 d5 11. cxd5 Qxd5 12. Nf4 Qb7 13. Qb3 {[%emt 0:04:21] E18: Queen's Indian: Old Main Line (4 g3 Bb7 5 Bg2 Be7 6 0-0 0-0 7 Nc3).} c5 14. dxc5 Bxc5 {[%emt 0:00:07] [#]} 15. Nd3 $146 ({Predecessor:} 15. Be3) 15... Be7 16. Bd2 Nd7 17. a4 Qe4 18. Be3 Nc5 19. Bxc5 (19. Nxc5 $11 Bxc5 20. Bxc5 bxc5 21. Rfc1) 19... bxc5 $15 20. Rac1 Qxe2 21. Rfe1 Qd2 22. Rcd1 Qa5 23. Ne5 Qb4 24. Qe3 ({Better is} 24. Qxb4 $15 cxb4 25. Nc6) 24... Qxa4 $17 25. Rd7 Rae8 26. b3 Qa6 27. Qc3 Qb6 28. Qf3 Bf6 29. Rb7 $1 Qa5 30. b4 cxb4 31. Nd7 {[%emt 0:00:06][%csl LRf6,LRf8] [#]} Bd4 32. Nxf8 Rxf8 33. Rd1 (33. Rc1 $1 $11) 33... e5 ({Black should try} 33... Qc5 $1 $17 34. Qe2 h6) 34. Qb3 Qc5 {[%emt 0:01:21] ...a5 is the strong threat.} 35. Rxb4 (35. Qxb4 $11 {remains equal.} Bxf2+ 36. Kg2) 35... Bxf2+ 36. Kg2 Bd4 37. Rf1 Qc6+ 38. Rf3 {[%emt 0:07:14][%cal Ob3f7] White wants to mate with Qxf7+!} Bb6 39. Rb5 (39. Qc4 $17 Qxc4 40. Rxc4) 39... e4 $1 $19 (39... Qc1 40. Rxe5 Qd2+ 41. Kf1 Qc1+ 42. Re1 $11) 40. Rc3 Qd7 (40... Qf6 $19 {has better winning chances. Strongly threatening ...Qf2+.} 41. Rc2 Rd8) 41. Rd5 Qe7 42. Qb5 {[%emt 0:00:00] [#]} e3 (42... g6 $142 $1 43. Re5 Qf6) 43. Re5 $17 Qd6 44. Rd3 {[%emt 0:00:00] Against Qd2+} Qf6 45. Rd7 (45. Rf5 $17 {was called for.} Qa1 46. Rdd5) 45... g6 $19 {[%emt 0:02:30][%cal Oa7a6] White must now prevent ...a6!} 46. Ree7 {[%emt 0:00:00] [#]} h5 (46... Qf2+ $1 $19 {is more deadly.} 47. Kh3 Qf3) 47. Qf1 $17 Qxf1+ ({Black should play} 47... Qb2+ $17 48. Kh3 Qf2 49. Qxf2 exf2) 48. Kxf1 {[%emt 0:00:00][%mdl 4096] Endgame KRR-KRB} Bc5 49. Re5 Rc8 50. Ke2 Bb6 {[%emt 0:00:39] And now ...Rc2+ would win.} 51. Kd1 {[%emt 0:00:00] Dodges Rc2. The position is equal.} Rc6 52. Re4 Rf6 {[%emt 0:05:49] Hoping for ...Rf1+.} 53. Rf4 {[%emt 0:00:00] Repels Rf1+} Rxf4 (53... Re6 $5 54. Ke2 $8 (54. Rfxf7 e2+ 55. Ke1 Ba5+ 56. Kf2 e1=Q+ 57. Kg2 Re2+ 58. Kh3 Qg1 59. Rg7+ Kf8 60. Rgf7+ Ke8 61. Kh4 Bd8+ {[%mdl 64] Deflection} 62. Rxd8+ Kxf7 63. Rd7+ Kf6 64. Rd6+ Kg7 65. Rd7+ Kh6) 54... Rc6 55. Rfxf7 Rc2+ 56. Kd3 (56. Ke1 $2 Ba5+ 57. Kd1 e2+ 58. Kxc2 e1=Q $19) 56... Rd2+ 57. Kc4 e2 58. Rg7+ Kf8 59. Rgf7+ Kg8 60. Rg7+ Kh8 61. Rh7+ (61. Rde7 e1=B $11) 61... Kg8 62. Rhg7+ $11) 54. gxf4 $11 {[%emt 0:00:00] KR-KB} Kg7 55. Ke2 Kf6 56. Kf3 Ke6 57. Rb7 f6 58. h4 Kf5 59. Rf7 Bc5 60. Rc7 Bd6 61. Rxa7 Bxf4 62. Ra5+ Be5 63. Ra4 g5 64. hxg5 fxg5 {[%emt 0:00:02] ...Bf4 would be deadly.} 65. Kxe3 (65. Ra5 {seems wilder.} h4 66. Kxe3 g4 67. Kf2) 65... Bf4+ 66. Kf2 g4 67. Ra5+ Be5 68. Ra4 Kg5 (68... h4 {looks sharper.} 69. Rb4 h3 70. Kg1 Bf4) 69. Kg2 Kf5 70. Rb4 Bf4 71. Rb5+ Be5 72. Rb4 $1 Kg5 (72... h4 $5 ) 73. Ra4 {[%emt 0:00:00] Black had all chances to win.   Weighted Error Value: White=0.19 (very precise) /Black=0.19 (very precise)} 1/2-1/2

[Event "4NCL 2022-2023"]
[Site "Daventry"]
[Date "2023.01.15"]
[Round "4.23"]
[White "Hunt, Harriet V"]
[Black "Kueh, Audrey"]
[Result "1-0"]
[ECO "B12"]
[WhiteElo "2348"]
[BlackElo "2123"]
[Annotator "TA"]
[PlyCount "57"]
[EventDate "2022.10.20"]
[EventType "team-tourn"]
[EventCountry "ENG"]
[SourceTitle "playchess.com"]
[Source "ChessBase"]
[SourceQuality "1"]
[TimeControl "40/6000+30:2400+30"]

1. e4 c6 2. d4 d5 3. e5 Bf5 4. Nf3 e6 5. Be2 c5 6. Be3 cxd4 7. Nxd4 Ne7 8. O-O $1 {[%emt 0:00:49][%mdl 4] outshines the older 8.Nd2.} Nbc6 9. Bb5 {[%emt 0:00:44] B12: Caro-Kann: Advance Variation.} a6 10. Bxc6+ bxc6 {[%emt 0:00:01] [#] Black is weak on the dark squares} 11. c4 $1 {[%emt 0:05:37] White is slightly better.} c5 (11... Qd7 12. Nc3) 12. Qa4+ Qd7 {[%emt 0:00:26] [#]} 13. Nb5 $1 Nc6 {[%emt 0:02:10] [#]} (13... axb5 $2 14. Qxa8+ Qd8 15. Qxd8+ Kxd8 16. cxb5 $18 (16. Bxc5 bxc4 17. b3 Bd3 $16)) 14. cxd5 $146 ({Predecessor:} 14. Rd1 d4 15. b4 Rc8 16. bxc5 axb5 17. cxb5 Bxc5 18. bxc6 Qxc6 19. Qxc6+ Rxc6 20. Bf4 {½-½ Kaliszuk,K (1967)-Jedrusik,A (1956) Lazy Baltic Pearl op-A 17th 2021 (9)}) 14... exd5 (14... axb5 $2 15. Qxa8+ Nd8 16. Nc3 $18) 15. Rd1 {[%emt 0:28:48] Dodges Bd3} (15. N1a3 $11 {keeps the balance.}) 15... d4 {[%emt 0:10:53][%cal Oa8b8] And now ...Rb8! would win.} (15... axb5 $2 16. Qxa8+ Qc8 17. Qxc8+ Bxc8 18. Rxd5 $18) 16. Bf4 $1 Qb7 ({Much less strong is} 16... axb5 17. Qxa8+ Qc8 18. Qxc8+ Bxc8 19. Nd2 $16) 17. Nd6+ Bxd6 18. exd6 Qb5 (18... Qxb2 {gets mated.} 19. Qxc6+ Bd7 20. Qxa8+) 19. Re1+ Kd7 20. Qa3 {[%emt 0:02:00] Nd2 is the strong threat.} Rhe8 21. Nd2 Nb4 (21... Rxe1+ $11 {remains equal.} 22. Rxe1 Re8 23. Rxe8 Kxe8) 22. Qf3 $16 {[%emt 0:05:21][%cal Od2c4] Threatens to win with Nc4!} ({Reject} 22. Qb3 Re6 $11) 22... Qc6 {[%emt 0:15:03] White must now prevent ...Qxf3.} 23. Qb3 {[%emt 0:05:41] The board is on fire.} Qd5 {[%emt 0:00:43][%mdl 8192] [#] A mistake that costs the game.} (23... Nd5 $16) 24. Nc4 $1 $18 Kd8 $2 (24... Rxe1+ 25. Rxe1 Re8 26. Nb6+ Kc6 27. Rxe8 (27. Nxd5 $2 Rxe1#) 27... Qxb3 28. axb3 Kxb6) 25. Qa4 Re4 26. Qa5+ Ke8 27. Nb6 Qe6 28. d7+ Ke7 29. Qxc5+ {[%emt 0:00:18] Excellently played by Hunt!   Weighted Error Value: White=0.16 (very precise) /Black=0.69} 1-0

[Event "4NCL 2022-2023"]
[Site "Daventry"]
[Date "2023.01.15"]
[Round "4.24"]
[White "Bremner, Adam"]
[Black "Kalaiyalahan, Akshaya"]
[Result "1-0"]
[ECO "D24"]
[WhiteElo "2155"]
[BlackElo "2155"]
[Annotator "TA"]
[PlyCount "81"]
[EventDate "2022.10.20"]
[EventType "team-tourn"]
[EventCountry "ENG"]
[SourceTitle "playchess.com"]
[Source "ChessBase"]
[SourceQuality "1"]
[TimeControl "40/6000+30:2400+30"]

1. d4 d5 2. c4 e6 3. Nf3 Nf6 4. Nc3 dxc4 5. e4 b5 6. e5 {[%emt 0:01:35] D24: Queen's Gambit Accepted: 3 Nf3 Nf6 4 Nc3.} Nd5 7. Nxb5 Nb6 8. Be3 {[%emt 0:05:36] White is slightly better.} Bb4+ 9. Nc3 O-O 10. Be2 Bb7 11. O-O {[%emt 0:00:20] [#]} Bxc3 $146 ({Predecessor:} 11... Nc6 12. Qc2 h6 13. a3 Bxc3 14. bxc3 Na5 15. Rab1 Qd5 16. Ne1 Qd7 17. f4 f5 18. exf6 Rxf6 {0-1 Martirosyan,H (2632)-Erigaisi,A (2567) Junior Speed Final blitz 2021 (2.56)}) 12. bxc3 Bd5 13. Qc2 h6 {[%emt 0:00:44] Wards off Ng5} 14. Nd2 Nc6 15. Ne4 Bxe4 16. Qxe4 Ne7 17. Rac1 {[%emt 0:08:01] White has more active pieces. The black rooks are badly placed.} (17. a4 $16) 17... Rb8 18. Bd1 Qd5 19. Qg4 Nf5 20. Bc2 Qd7 21. Qe2 (21. Qe4 $14 Qd5 22. Qf4) 21... Rfc8 22. g4 Nxe3 23. fxe3 {[%emt 0:02:30][%cal Og4g5] Threatens to win with g5!} Qe7 {[%emt 0:02:45] Wards off g5} (23... Nd5 $11 {remains equal.}) 24. Rf3 Qg5 25. Kh1 (25. Qf2 $1 $16) 25... Nd5 26. Rcf1 Rf8 ({Black should play} 26... c5 $1 $11) 27. Qf2 $1 $14 (27. Qxc4 Nxe3 28. Qd3 Nxc2 29. Qxc2 c5 $15) 27... Qe7 28. Qe2 (28. e4 {simplifies} Nb6 29. h4 c6 30. Kg1) 28... Qa3 $2 (28... Qg5 $1 $11 {and Black is okay.}) 29. g5 $1 $18 ({Not} 29. Qxc4 Qxc3 30. Qe2 Nb4 $16) 29... hxg5 {[%emt 0:06:22] Hoping for ...Rb2.} (29... Nxc3 30. Qg2 g6 31. gxh6 $18) 30. Rg3 $1 {[%emt 0:00:28][%cal Oc2h7] Intending Bh7+! and mate.} Rb2 $2 (30... Qxa2 $2 31. Bh7+ Kxh7 32. Qxa2 $18) (30... Qxc3 $2 31. Rxg5 (31. e4 Ne3 $16) 31... Ne7 32. Rfg1 $18) (30... f5 $18) 31. Rxg5 $2 (31. Bh7+ $1 {mates} Kxh7 32. Qh5+ Kg8 33. Qxg5 Rxh2+ {[%mdl 64] Decoy} 34. Kxh2 Qb2+ 35. Kh1 g6 36. Qh6) 31... f5 (31... Qxc3 {is a self mate.} 32. Rxg7+ Kxg7 33. Qg2+ Kh8 34. Qh3+ Kg8 35. Qh7#) 32. exf6 Nxf6 (32... Rxf6 $2 33. Rfg1 Qe7 34. Qg2 $18) 33. Qg2 $40 {[%emt 0:02:16][%mdl 128] Black is in trouble.} Qe7 {[%emt 0:04:18] [#]} 34. Rg1 (34. Rg3 $1 $18) 34... Rf7 $16 35. e4 {[%emt 0:01:16][%cal Be3e4,Be4e5][%mdl 32] Strongly threatening e5.} Kf8 $2 {[%emt 0:01:02][%mdl 8192] [#] Loses the game.} (35... Nh7 $16 36. Rg6 Qd7) 36. e5 $1 $18 Nd5 (36... c6 $142 37. exf6 Qxf6) 37. Rh5 Qa3 {[%emt 0:00:55] [#]} 38. Qg5 $1 Nf6 (38... Ke8 39. Rh8+) 39. exf6 {[%emt 0:01:26] White mates.} gxf6 40. Qg8+ Ke7 {[%emt 0:00:05] [#]} 41. Rh8 $1 {[%emt 0:40:41] Weighted Error Value: White=0.30/Black=0.63} 1-0